Map: Emerald City LE

Players

Massa

  • Race: Terran Terran
  • League: Gold
  • Spawn Location: 11:00

qqq

  • Race: Protoss Protoss
  • League: Platinum
  • Spawn Location: 11:00

sehriyar - Winner!

  • Race: Zerg Zerg
  • Spawn Location: 5:00

FeridunAbi - Winner!

  • Race: Terran Terran
  • League: Master
  • Spawn Location: 5:00

VOD

Have the link to the VOD?

Description

Time

  • Played on: July 25, 2020, 9:48 a.m.
  • Length: 10:50
Show
View Real Time Build Order
Export as new Build Order

Massa Terran 

Build Orders:  

Get SALT Encoding   

  12  0:03  SCV  
  13  0:15  SCV  
  14  0:24  Supply Depot  
  14  0:27  SCV  
  15  0:30  Refinery  
  15  0:46  SCV  
  15  0:48  Barracks  
  16  0:58  SCV  
  17  1:10  SCV  
  18  1:22  SCV  
  19  1:34  SCV  
  19  1:45  Factory  
  19  1:46  Barracks  
  19  1:50  Marine  
  20  1:58  Orbital Command  
  20  2:08  Marine  
  21  2:16  Supply Depot  
  21  2:18  Supply Depot  
  21  2:26  Marine  
  22  2:37  Factory Tech Lab, Marine, Supply Depot  
  23  2:54  Marine  
  23  2:57  Siege Tank  
  27  2:59  Barracks Tech Lab  
  27  3:07  SCV  
  27  3:12  Marine  
  29  3:23  Marauder  
  31  3:30  Widow Mine, Marine  
  34  3:44  Marauder  
  34  3:47  Command Center  
  34  3:48  Marine  
  36  3:51  Widow Mine  
  39  4:05  Marauder  
  39  4:06  Marine  
  39  4:07  SCV  
  43  4:19  SCV  
  43  4:24  Marine  
  45  4:27  Marauder  
  47  4:58  SCV  
  47  4:59  Marauder  
  50  5:05  Marine  
  48  5:20  Marauder  
  47  5:23  Marine  
  40  5:41  Marauder, Marine  
  41  5:45  SCV x2  
  41  5:49  Barracks  
  39  5:57  SCV  
  39  5:58  SCV  
  39  5:59  Marine  
  39  6:03  Marauder  
  44  6:09  SCV  
  44  6:10  SCV  
  43  6:17  Marine  
  39  6:21  SCV  
  39  6:22  SCV  
  39  6:24  Marauder  
  40  6:26  Siege Tank  
  43  6:33  SCV  
  43  6:36  Orbital Command  
  43  6:37  Barracks Reactor  
  43  6:38  Barracks Tech Lab  
  44  6:45  Marauder  
  43  6:57  Refinery  
  43  6:58  Widow Mine  
  43  7:00  Engineering Bay  
  45  7:06  SCV x2  
  45  7:07  Marauder  
  49  7:18  SCV x2  
  49  7:20  Widow Mine  
  53  7:25  Marauder, Marine x2  
  53  7:28  Marauder  
  59  7:30  SCV  
  59  7:31  SCV  
  61  7:43  SCV  
  62  7:48  Supply Depot  
  62  7:49  Supply Depot x2  
  62  7:50  Supply Depot  
  62  7:51  Supply Depot  
  62  7:52  Missile Turret  
  62  8:09  Marine x2  
  62  8:10  Marauder x2  
  68  8:13  Missile Turret, Siege Tank  
  68  8:14  Supply Depot  
  68  8:15  Supply Depot  
  68  8:17  Supply Depot  
  71  8:27  Marine x2  
  71  8:31  Marauder x2  
  77  8:34  Missile Turret  
  77  8:36  Command Center  
  77  8:45  Marine x2  
  78  8:52  Marauder x2  
  60  9:03  Marine x2, Siege Tank  
  65  9:13  Marine  
  65  9:14  Marauder  
  68  9:20  Marine x2  
  68  9:23  Barracks  
  70  9:26  Refinery  
  70  9:32  Marauder  
  70  9:35  Marauder  
  74  9:38  Marine x2  
  74  9:40  Command Center  
  76  9:46  SCV  
  76  9:47  SCV  
  78  9:53  Marauder  
  78  9:57  Marauder  
  78  9:59  SCV x2  
  60  10:11  SCV x2  
  60  10:13  Marine x2  
  63  10:14  Marauder  
  63  10:16  Widow Mine  
  63  10:18  Marauder  
  57  10:23  SCV x2  
  57  10:31  Marine x2  
  57  10:35  SCV x2  
Show
View Real Time Build Order
Export as new Build Order

qqq Protoss 

Build Orders: 1 Gate Expand 

Get SALT Encoding   

  12  0:04  Probe  
  13  0:17  Pylon  
  13  0:29  Pylon  
  13  0:38  Probe  
  14  0:48  Gateway  
  14  0:50  Probe  
  14  0:54  Pylon  
  15  1:07  Probe  
  16  1:19  Probe  
  17  1:32  Nexus  
  17  1:46  Cybernetics Core  
  17  1:52  Assimilator  
  17  1:55  Assimilator  
  17  2:00  Probe  
  18  2:12  Probe  
  19  2:23  Gateway  
  19  2:24  Probe  
  20  2:35  Stalker  
  20  2:36  Probe  
  23  2:46  Probe  
  23  2:48  Probe  
  25  2:58  Probe  
  25  3:00  Probe  
  27  3:05  Adept  
  27  3:10  Probe  
  27  3:12  Adept  
  32  3:22  Probe  
  33  3:33  Robotics Facility  
  33  3:34  Probe  
  33  3:35  Adept  
  36  3:42  Stalker  
  36  3:47  Probe  
  39  3:59  Probe  
  39  4:01  Gateway  
  40  4:05  Adept  
  42  4:11  Probe  
  42  4:12  Adept  
  45  4:23  Probe  
  46  4:30  Immortal  
  50  4:35  Probe, Adept  
  53  4:47  Probe  
  53  4:52  Pylon  
  54  4:55  Pylon  
  54  4:56  Pylon  
  54  5:01  Pylon  
  54  5:10  Zealot, Stalker, Adept  
  52  5:30  Immortal  
  56  5:37  Stalker  
  56  5:40  Zealot, Adept  
  60  6:07  Zealot, Stalker  
  60  6:09  Immortal  
  60  6:10  Stalker  
  68  6:12  Stargate  
  60  6:30  Gateway  
  60  6:32  Gateway  
  60  6:42  Forge  
  60  6:44  Twilight Council  
  60  6:45  Stalker x2  
  64  6:50  Adept  
  65  6:58  Probe  
  66  7:10  Probe  
  66  7:15  Adept x2  
  63  7:20  Pylon, Adept  
  63  7:21  Adept x2  
  63  7:22  Probe, Nexus  
  74  7:25  Pylon  
  74  7:29  Pylon  
  74  7:34  Probe  
  75  7:40  Photon Cannon  
  75  7:45  Photon Cannon, Adept x2  
  75  7:46  Probe  
  80  7:51  Adept  
  80  7:54  Immortal  
  80  7:57  Adept  
  88  7:58  Probe  
  88  7:59  Sentry  
  91  8:08  Phoenix  
  91  8:10  Probe  
  94  8:33  Phoenix  
  60  9:09  Probe  
  57  9:14  Adept x5  
  57  9:15  Photon Cannon  
  67  9:21  Probe  
  68  9:28  Assimilator  
  68  9:29  Probe x2  
  69  9:32  Assimilator  
  69  9:37  Probe, Photon Cannon  
  70  9:41  Probe  
  70  9:44  Zealot x4, Adept  
  82  9:47  Probe  
  82  9:50  Dark Shrine  
  83  9:53  Probe  
  85  10:00  Probe  
  85  10:05  Probe  
  86  10:11  Zealot x2  
  86  10:12  Probe  
  81  10:17  Probe  
  78  10:24  Probe  
  75  10:29  Probe  
  76  10:36  Probe  
Show
View Real Time Build Order
Export as new Build Order

sehriyar Zerg - Winner!

Build Orders: Hatch First 

Get SALT Encoding   

  12  0:01  Drone  
  13  0:12  Overlord  
  13  0:17  Drone  
  14  0:30  Drone  
  14  0:31  Drone  
  14  0:34  Drone  
  17  0:52  Hatchery  
  17  0:55  Drone  
  17  0:57  Drone  
  18  1:10  Extractor  
  17  1:13  Spawning Pool  
  17  1:16  Drone  
  17  1:19  Drone  
  18  1:29  Drone  
  19  1:38  Drone  
  20  1:52  Overlord  
  20  2:04  Queen  
  20  2:05  Queen  
  20  2:06  Zergling x2  
  20  2:08  Drone  
  26  2:10  Drone  
  27  2:16  Metabolic Boost  
  27  2:22  Drone x2  
  29  2:27  Drone  
  30  2:32  Drone  
  31  2:38  Hatchery  
  30  2:45  Overlord  
  30  2:49  Zergling x4  
  32  2:56  Zergling x2  
  33  3:04  Overlord  
  33  3:08  Zergling x2  
  34  3:24  Drone x5  
  38  3:32  Drone  
  39  3:35  Overlord  
  39  3:50  Drone  
  39  3:51  Drone x2  
  39  3:53  Queen  
  44  3:56  Drone x3  
  44  3:57  Drone  
  44  4:00  Drone  
  44  4:01  Drone x3  
  52  4:04  Extractor x2  
  52  4:06  Roach Warren  
  52  4:08  Zergling x2  
  50  4:13  Zergling x4  
  50  4:16  Zergling x4  
  50  4:17  Zergling x2  
  55  4:24  Zergling x6  
  53  4:40  Zergling x10  
  57  4:49  Zergling x6  
  57  4:55  Zergling x4  
  56  5:03  Zergling x2  
  56  5:04  Zergling x12  
  53  5:12  Zergling x10  
  53  5:13  Zergling x2  
  49  5:27  Zergling x6  
  44  5:31  Queen  
  45  5:36  Zergling x2  
  45  5:37  Zergling x8  
  45  5:40  Roach  
  51  5:45  Lair  
  51  5:48  Roach x2  
  51  5:51  Roach  
  53  5:59  Roach x2  
  55  6:07  Roach x5  
  55  6:08  Roach  
  64  6:16  Zergling x6  
  63  6:26  Drone x3  
  63  6:31  Overlord x2  
  66  6:45  Overlord x2  
  65  6:50  Drone x3  
  68  6:54  Glial Reconstitution  
  68  6:56  Drone  
  68  6:57  Drone x3  
  68  6:58  Drone x3  
  68  6:59  Drone  
  76  7:06  Drone x4  
  76  7:07  Drone  
  81  7:11  Evolution Chamber  
  81  7:13  Evolution Chamber  
  77  7:20  Overlord  
  76  7:29  Overlord  
  76  7:30  Extractor  
  76  7:31  Ravager  
  76  7:32  Ravager x4  
  76  7:35  Extractor  
  79  7:42  Zergling x2  
  79  7:43  Zergling x14  
  84  7:55  Baneling Nest  
  84  7:57  Drone  
  84  7:58  Drone x5  
  89  8:06  Drone x2  
  89  8:07  Drone x3  
  94  8:13  Zerg Missile Weapons Level 1, Zerg Melee Weapons Level 1  
  94  8:21  Zergling x12  
  98  8:40  Roach  
  105  8:41  Roach x4  
  102  8:53  Zergling x2  
  102  8:54  Zergling x14  
  101  9:07  Centrifical Hooks  
  100  9:13  Zergling x12  
  100  9:15  Hatchery  
  105  9:17  Overlord x2  
  105  9:21  Overlord  
  105  9:25  Overlord  
  105  9:29  Baneling  
  105  9:30  Baneling x14  
  105  9:36  Ravager x8  
  105  9:37  Ravager  
  114  9:39  Drone  
  114  9:40  Drone  
  114  9:43  Drone x2  
  118  9:45  Overseer  
  118  9:47  Overlord  
  118  9:50  Baneling x3  
  101  10:10  Zergling x2  
  101  10:11  Zergling x28  
  105  10:29  Drone  
  105  10:30  Drone x10  
  116  10:41  Infestation Pit  
Show
View Real Time Build Order
Export as new Build Order

FeridunAbi Terran - Winner!

Build Orders:  

Get SALT Encoding   

  12  0:01  SCV  
  13  0:13  SCV  
  14  0:18  Supply Depot  
  14  0:25  SCV  
  15  0:40  SCV, Barracks  
  16  0:46  Refinery  
  16  0:52  SCV  
  18  1:04  SCV  
  18  1:16  SCV  
  19  1:29  Command Center  
  19  1:30  Marine  
  20  1:42  Orbital Command  
  20  1:48  Marine  
  21  1:57  Supply Depot  
  21  2:01  Refinery  
  21  2:06  Marine  
  21  2:08  SCV  
  23  2:20  SCV  
  24  2:29  Marine  
  25  2:32  SCV, Engineering Bay  
  25  2:34  Engineering Bay  
  26  2:43  Factory  
  26  2:47  SCV  
  27  2:56  Orbital Command  
  27  3:00  SCV  
  27  3:02  Barracks Reactor  
  28  3:13  Orbital Command, Terran Infantry Weapons Level 1  
  28  3:15  Terran Infantry Armor Level 1  
  28  3:19  SCV  
  29  3:33  Supply Depot  
  30  3:34  SCV  
  30  3:35  Armory  
  30  3:39  SCV  
  31  3:44  Marine x2  
  31  3:46  SCV  
  34  3:51  SCV  
  35  3:58  SCV  
  36  4:03  SCV  
  36  4:07  Factory Tech Lab, Marine x2  
  39  4:10  SCV  
  39  4:15  SCV  
  41  4:22  SCV  
  42  4:27  SCV, Marine x2, Siege Tank  
  46  4:33  Command Center  
  46  4:34  SCV  
  47  4:39  SCV  
  47  4:42  Orbital Command  
  47  4:45  Marine x2  
  47  4:46  SCV  
  48  4:58  SCV  
  48  5:03  Marine x2  
  48  5:06  Siege Tank  
  53  5:08  Barracks  
  53  5:09  Terran Infantry Armor Level 2, Terran Infantry Weapons Level 2  
  53  5:11  SCV  
  54  5:21  Marine  
  54  5:31  SCV  
  54  5:32  Supply Depot  
  55  5:40  Orbital Command  
  55  5:54  Marine x2  
  55  5:56  Barracks Tech Lab  
  57  5:58  Starport, Siege Tank  
  57  5:59  Barracks  
  55  6:13  SCV x2  
  55  6:17  Marine  
  58  6:23  Refinery x2  
  58  6:25  SCV  
  58  6:30  SCV  
  60  6:35  Command Center  
  60  6:37  SCV, Starport Reactor  
  61  6:40  Stimpack  
  61  6:42  SCV, Marine  
  63  6:50  SCV  
  63  6:51  Marine x2  
  67  6:54  SCV  
  67  6:57  Barracks Reactor  
  67  7:00  Marine  
  68  7:02  SCV  
  68  7:06  SCV  
  70  7:15  Barracks  
  70  7:16  Barracks  
  70  7:17  Supply Depot  
  70  7:19  Supply Depot  
  70  7:27  Terran Infantry Weapons Level 3  
  70  7:28  Terran Infantry Armor Level 3  
  70  7:39  SCV x2, Marine x4  
  70  7:41  Supply Depot  
  70  7:43  Supply Depot  
  76  7:44  Medivac  
  76  7:46  Medivac  
  81  7:51  SCV, Orbital Command  
  81  7:56  Marine  
  82  8:04  Marine, Siege Tank  
  82  8:05  Marine, Supply Depot  
  87  8:06  SCV  
  87  8:07  Supply Depot  
  88  8:19  Orbital Command  
  88  8:28  Barracks Reactor x2, Marine  
  88  8:29  Marine x4  
  93  8:46  Marine  
  93  8:47  Marine  
  89  8:49  Marine  
  89  8:50  Marine  
  83  8:59  Marine  
  84  9:04  Marine  
  84  9:05  Marine  
  86  9:10  Medivac  
  88  9:17  SCV x3  
  88  9:20  Marine x2  
  88  9:23  Supply Depot  
  93  9:25  Supply Depot  
  93  9:27  Marine x2  
  93  9:29  SCV x2  
  93  9:30  SCV, Marine  
  99  9:31  Marine x4  
  99  9:38  Barracks x2, Marine x2  
  104  9:40  Barracks  
  104  9:41  SCV  
  104  9:42  Command Center  
  104  9:45  Marine x2  
  106  9:47  SCV x2  
  106  9:48  Marine  
  106  9:49  Marine x4  
  115  9:53  SCV  
  115  9:56  Refinery x2, Marine x2  
  115  9:59  SCV x2  
  120  10:03  Marine x2, Medivac  
  120  10:04  Medivac  
  120  10:06  SCV  
  127  10:11  SCV x2  
  133  10:48  Barracks Reactor x2  
  133  10:49  Barracks Reactor  
Tags
 
Add a new tag
Caveats
  • Supply blocks, unpowered buildings, or Contaminate may cause inaccurate times.
  • Supply counts are checked every 10 seconds.